 Seeded DCSS version 0.29-a0-1033-gb6c65ffae6 (webtiles) character file.

Game seed: 6483501851516949478 (custom seed)

287 lesbiats the Cudgeller (level 6, -2/62 HPs)
             Began as a Troll Berserker on Aug 14, 2022.
             Was a Believer of Trog.
             Slain by an iguana (11 damage)
             ... on level 4 of the Dungeon.
             The game lasted 00:10:42 (3301 turns).

lesbiats the Cudgeller (Troll Berserker)            Turns: 3301, Time: 00:10:43

Health: -2/62      AC:  5    Str: 28    XL:     6   Next: 8%
Magic:  5/5        EV: 10    Int:  3    God:    Trog [**....]
Gold:   233        SH:  0    Dex:  9    Spells: 5/5 levels left

rFire   + . .      SeeInvis .   a - +0 mace
rCold   . . .      Faith    .   (no shield)
rNeg    . . .      Spirit   .   b - +0 animal skin
rPois   .          Reflect  .   q - +1 hat
rElec   .          Harm     .   (no cloak)
rCorr   .          Rampage  .   (gloves unavailable)
Will    ++...                   (boots unavailable)
Stlth   +.........              (no amulet)
HPRegen 2.00/turn               s - ring of protection from fire
MPRegen 0.09/turn               (no ring)

@: lethally poisoned (-2 -> -2), strong-willed, regenerating
A: large, unfitting armour, claws 3, regeneration 1, shaggy fur 1, tough skin 1
a: Renounce Religion, Berserk, Trog's Hand


You were on level 4 of the Dungeon.
You worshipped Trog.
Trog was pleased with you.
You visited 1 branch of the dungeon, and saw 4 of its levels.

You collected 233 gold pieces.

Inventory:

Hand Weapons
 a - a +0 mace (weapon)
 m - a +0 giant spiked club
Missiles
 c - 55 stones (quivered)
 j - 5 poisoned darts
Armour
 b - a +0 animal skin (worn)
 q - a +1 hat (worn)
Jewellery
 s - a ring of protection from fire (left claw)
Scrolls
 d - a scroll of torment {unknown}
 f - 2 scrolls of poison {unknown}
 g - a scroll of amnesia {unknown}
 i - a scroll of vulnerability {unknown}
 k - a scroll of blinking {unknown}
 l - a scroll of enchant armour {unknown}
 p - a scroll of magic mapping {unknown}
 r - 4 scrolls of identify {unknown}
Potions
 e - 3 potions of curing {unknown}
 h - a potion of attraction {unknown}
 n - a potion of resistance {unknown}
 o - 2 potions of mutation {unknown}


   Skills:
 + Level 3.8 Fighting
 + Level 4.1 Maces & Flails
 + Level 3.8 Dodging


You had 5 spell levels left.
You didn't know any spells.
Your spell library was empty.

Dungeon Overview and Level Annotations

Branches:
Dungeon (4/15)
 Temple: D:4-7

Altars:
Cheibriados
Gozag
Zin

Shops:
D:2 [

Annotations:
D:4 3 runed translucent doors, hito's ghost, amateur FoAM


Innate Abilities, Weirdness & Mutations

You are too large for most types of armour.
You have claws for hands.
Your natural rate of healing is unusually fast.
You are covered in fur. (AC +1)
You have tough skin. (AC +1)


Message History

You are too injured to fight recklessly!
You barely miss the iguana.
The iguana is almost dead.
The adder bites you but does no damage. The iguana bites you.
You hit the iguana but do no damage.
The iguana is almost dead.
The adder barely misses you. The iguana bites you!
* * * LOW HITPOINT WARNING * * *
The adder bites you but does no damage.
You barely miss the iguana.
The iguana is almost dead.
The adder closely misses you.
The iguana bites you but does no damage.
The adder misses you.
You hit the iguana but do no damage.
The iguana is almost dead.
The iguana bites you.
* * * LOW HITPOINT WARNING * * *
The adder closely misses you.
Your skin crawls.
You feel strong-willed. The adder bites you.
* * * LOW HITPOINT WARNING * * *
You are poisoned.
The adder poisons you! The iguana barely misses you. The adder bites you.
* * * LOW HITPOINT WARNING * * *
You are more poisoned.
The adder poisons you!
You feel sick. The adder barely misses you.
The iguana attacks as you move away! The iguana misses you.
You feel sick. The iguana attacks as you move away!
The iguana bites you but does no damage.
You feel sick.
You feel sick.
You hit the iguana.
The iguana is almost dead.
You feel sick. The iguana bites you.
* * * LOW HITPOINT WARNING * * *
The iguana bites you!
You die...

......######..........###.##.....
......# #....)^.....#..##.....
......# ###..###.##.#.###.....
......# ##.# #..#.#.# ######
......# #..###.#.#.# ......#
##.....#.#.# ##.##########
###.......# #.
#.....###...###.########
......$Sl@### #.###....#
..<.....#######.##..####
........#.......##.##
........#).........#
........#.......)###
........#.......##
........#.......#
.......##.......# #.....#
#.......#


You could see an iguana and an adder.

Vanquished Creatures
  An ogre (D:2)
  4 gnolls (D:3)
  7 adders
  2 worms
  2 dart slugs
  11 orcs
  5 bats
  7 endoplasms
  2 giant cockroaches
  11 goblins
  10 hobgoblins
  5 kobolds
  A quokka (D:1)
  2 ball pythons
  A frilled lizard (D:3)
  4 rats
75 creatures vanquished.

Notes
Turn   | Place    | Note
-------+----------+-------------------------------------------
     0 | D:1      | lesbiats the Troll Berserker began the quest for the Orb.
     0 | D:1      | Reached XP level 1. HP: 22/22 MP: 0/0
   234 | D:1      | Reached XP level 2. HP: 29/29 MP: 1/1
   397 | D:1      | Found a faded altar of an unknown god.
   736 | D:1      | Reached skill level 3 in Maces & Flails
  1216 | D:2      | Reached XP level 3. HP: 29/36 MP: 2/2
  1715 | D:2      | Found Zoorghiutz's Armour Shoppe.
  1832 | D:2      | Noticed an ogre
  1838 | D:2      | Killed an ogre
  1839 | D:2      | Reached XP level 4. HP: 42/45 MP: 3/3
  1839 | D:2      | Reached XP level 5. HP: 49/53 MP: 4/4
  2021 | D:3      | Found a snail-covered altar of Cheibriados.
  2078 | D:3      | Reached ** piety under Trog
  2140 | D:3      | Reached skill level 4 in Maces & Flails
  2352 | D:3      | Found an opulent altar of Gozag.
  2510 | D:3      | Found a glowing silver altar of Zin.
  3022 | D:4      | Reached XP level 6. HP: 62/62 MP: 5/5
  3180 | D:4      | Found a runed translucent gate.
  3180 | D:4      | Found a runed translucent gate.
  3180 | D:4      | Found a runed translucent gate.
  3184 | D:4      | Noticed hito's ghost (amateur FoAM)
  3301 | D:4      | Slain by an iguana

Illustrated notes

Levels and vault maps discovered:
D:1:      dpeg_arrival_simpleton_c, layout_basic, basic_ecumenical_altar,
          minmay_misc_feat_alley
D:2:      layout_basic, serial_shops, nicolae_diamond_shop
D:3:      layout_basic, grunt_gozag_breadcrumbs, kennysheep_slug_shrine,
          general_overflow_altar, guppyfry_early_orc_mine
D:4:      layout_rooms, gammafunk_ghost_nasty_kobolds

Skill      XL: |  1  2  3  4  5 |
---------------+----------------+-----
Maces & Flails | 3 4 |  4.1
Dodging        | 3 |  3.8
Fighting       | 3 |  3.8

Action                   |  1- 3 |  4- 6 || total
-------------------------+-------+-------++-------
Melee: Mace              |    77 |   128 ||   205
       Giant spiked club |    28 |       ||    28
       Punch             |     1 |       ||     1
Invok: Berserk           |     3 |     5 ||     8
       Trog's Hand       |       |     4 ||     4
Armor: Animal skin       |    62 |    48 ||   110
Dodge: Dodged            |    61 |    85 ||   146

Table legend: (Time is in decaauts)
 A = Elapsed time spent in this place.
 B = Non-inter-level travel time spent in this place.
 C = Inter-level travel time spent in this place.
 D = Time resting spent in this place.
 E = Time spent auto-exploring this place.
 F = Levels seen in this place.
 G = Mean time per level.
                   A        B        C        D        E       F      G
               +--------+--------+--------+--------+--------+-----+--------+
         Total |   3438 |   3234 |    204 |    729 |   1786 |   4 |  859.5 |
       Dungeon |   3438 |   3234 |    204 |    729 |   1786 |   4 |  859.5 |
               +--------+--------+--------+--------+--------+-----+--------+

Top non-repeatable levels by time:
     D:1: 1176 daAuts
     D:3: 1143 daAuts
     D:2: 805 daAuts
     D:4: 312 daAuts
